 Dungeon Crawl Stone Soup version 0.31.0 (webtiles) character file.

Game seed: 3047314781960919357

18244 qw the Marksgargoyle (level 12, -10/79 HPs)
             Began as a Gargoyle Hunter on Jan 20, 2024.
             Was an Elder of Okawaru.
             Hit by a silver javelin thrown by a minotaur (24 damage)
             ... in a Gauntlet.
             The game lasted 00:01:15 (11331 turns).

qw the Marksgargoyle (Gargoyle Hunter)             Turns: 11331, Time: 00:01:16

Health: -10/79     AC: 22    Str: 16    XL:     12   Next: 56%
Magic:  12/16      EV: 19    Int: 10    God:    Okawaru [****..]
Gold:   615        SH:  0    Dex: 17    Spells: 11/11 levels left

rFire   + + .        q - +0 longbow
rCold   . . .        (shield currently unavailable)
rNeg    + . .        a - +2 leather armour {rF+}
rPois   inf          b - +2 helmet {SInv}
rElec   +            k - +0 cloak "Soapp" {Slay+3}
rCorr   .            f - +1 pair of gloves
SInv    +            l - +0 pair of boots
Will    .....        (no amulet)
Stlth   ++           d - +5 ring of evasion
HPRegen 0.33/turn    p - ring of protection from fire
MPRegen 0.15/turn

%: no teleportation
@: finesse-ful
A: sickness immunity, AC +8, negative energy resistance 1, electricity
resistance, torment resistance 1, petrification resistance
a: Renounce Religion, Heroism, Finesse


You were in a Gauntlet.
You worshipped Okawaru.
Okawaru was greatly pleased with you.
You visited 3 branches of the dungeon, and saw 15 of its levels.
You also visited: Gauntlet.

You collected 819 gold pieces.
You spent 204 gold pieces at shops.


Innate Abilities, Weirdness & Mutations

You are immune to sickness and miasma.
Your stone body is resilient. (AC +8)
You are immune to poison.
You resist negative energy. (rN+)
You are resistant to electric shocks. (rElec)
You are resistant to unholy torment.
You are immune to petrification.


   Skills:
 - Level 10.6 Fighting
 - Level 16.0 Ranged Weapons
 + Level 4.4 Armour
 - Level 5.0 Dodging
 - Level 1.1 Stealth
 + Level 5.6 Invocations


You had 11 spell levels left.
You didn't know any spells.
Your spell library was empty.

Inventory:

Hand Weapons
 q - a +0 longbow (weapon)
Armour
 a - a +2 leather armour of fire resistance (worn)
 b - a +2 helmet of see invisible (worn)
 f - a +1 pair of gloves (worn)
 g - +0 acid dragon scales
 k - the +0 cloak "Soapp" (worn) {Slay+3}
   (You found it in a Gauntlet)

   Slay+3:    It affects your accuracy & damage with ranged weapons and melee
   (+3).
 l - a +0 pair of boots (worn)
Jewellery
 d - a +5 ring of evasion (left hand)
 p - a ring of protection from fire (right hand)
 Y - a +6 ring of strength
Wands
 c - a wand of iceblast (11)
 e - a wand of charming (7)
Scrolls
 j - a scroll of teleportation
Potions
 h - 2 potions of cancellation
 i - 2 potions of enlightenment
 m - 2 potions of might
 n - 2 potions of mutation
 r - a potion of degeneration {unknown}
 s - a potion of resistance

Dungeon Overview and Level Annotations

Branches:
Dungeon (10/15)            Temple (1/1) D:4            Lair (4/5) D:9
    Orc (0/2) D:10        Gauntlet (1/1)
  Swamp: Lair:2-3    Shoals: Lair:2-3     Snake: Lair:2-3    Spider: Lair:2-3
  Slime: Lair:4-5

Altars:
Ashenzari
Cheibriados
Dithmenos
Elyvilon
Fedhas
Gozag
Hepliaklqana
Kikubaaqudgha
Makhleb
Nemelex Xobeh
Okawaru
Qazlal
Ru
Sif Muna
Trog
Uskayaw
Vehumet
Wu Jian
Xom
Yredelemnul
Zin
The Shining One

Shops:
D:1 (*   D:5 ?   D:6 (

Annotations:
Lair:1 3 runed translucent doors, qw's ghost, journeyman GrHu
Lair:2 1 runed translucent door Gauntlet 4 transporters


Message History

Found a gate leading back out of this place.
11317 ||| INVOKING Finesse.
You can now deal lightning-fast blows.
You shoot an arrow. The minotaur bellows!
The arrow hits the minotaur!
The minotaur is lightly wounded.
You shoot an arrow. The arrow barely misses the minotaur.
The minotaur shoots a bolt.
The bolt hits you!
You shoot an arrow. The arrow barely misses the minotaur.
You shoot an arrow.
The arrow hits the minotaur but does no damage.
The minotaur is lightly wounded.
The minotaur shoots a bolt.
The bolt barely misses you.
You shoot an arrow. The arrow hits the minotaur!
The minotaur is moderately wounded.
You shoot an arrow. The arrow hits the minotaur.
The minotaur is moderately wounded.
You shoot an arrow. The arrow hits the minotaur!!
The minotaur is severely wounded.
You shoot an arrow.
The arrow hits the minotaur but does no damage.
The minotaur is severely wounded.
The minotaur shoots a bolt.
The bolt hits you!! The bolt burns you.
You shoot an arrow. The arrow barely misses the minotaur.
You shoot an arrow. The arrow barely misses the minotaur.
The minotaur throws a silver javelin.
The silver javelin pierces through you!
You shoot an arrow. The arrow hits the minotaur!
The minotaur is severely wounded.
You shoot an arrow.
The arrow hits the minotaur but does no damage.
The minotaur is severely wounded.
The minotaur throws a silver javelin.
The silver javelin pierces through you!
You shoot an arrow.
The arrow hits the minotaur but does no damage.
The minotaur is severely wounded.
You shoot an arrow. The arrow barely misses the minotaur.
The minotaur throws a silver javelin.
The silver javelin pierces through you!!
You die...

###############################
8# #8##~...............~##8# ##
####8.8.8..^.^..8.8.8####
#~...............~#
#####.###.###.#####
###.###.###.### #.............#
#.###.###.###.# .......@.....#
######'####### #H 00 ... '}..
##..} ###+


You could see a minotaur.

Vanquished Creatures
  Nessos (Lair:4)
  A hydra (Lair:1)
  A two-headed ogre (D:10)
  Urug (Lair:1)
  2 black mambas (Lair:1)
  A torpor snail (Gauntlet)
  4 cane toads
  An unseen horror (D:10)
  6 komodo dragons
  An ice devil (Gauntlet)
  A troll (D:10)
  2 hornets (D:9)
  Grinder (D:3)
  5 blink frogs (Lair:1)
  A raiju (Gauntlet)
  Sigmund (D:5)
  4 shadows (Gauntlet)
  4 wyverns
  6 yaks (Lair:4)
  Eustachio (D:5)
  5 steam dragons
  An acid dragon (D:7)
  6 water moccasins
  An orc warrior (D:8)
  3 sky beasts
  An ice beast (D:5)
  8 black bears
  2 ogres (D:5)
  9 wolves
  A centaur (D:10)
  5 phantoms
  7 kobold brigands
  8 bullfrogs
  4 scorpions
  3 wights (D:10)
  10 killer bees
  3 howler monkeys (D:9)
  2 bombardier beetles (D:4)
  A crimson imp (D:6)
  2 hounds
  5 orc priests
  A sleepcap (D:8)
  2 gnoll boudas
  14 orc wizards
  6 iguanas
  7 gnolls
  6 adders
  3 shadow imps
  2 white imps (Gauntlet)
  2 ufetubi (D:7)
  4 dart slugs
  3 ribbon worms
  36 orcs
  6 bats
  5 endoplasms
  4 giant cockroaches
  6 goblins
  8 hobgoblins
  30 kobolds
  4 quokkas
  4 ball pythons
  4 frilled lizards
  5 rats
  A spectral orc (D:5)
295 creatures vanquished.

Vanquished Creatures (others)
  Maurice (D:10)
1 creature vanquished.

Grand Total: 296 creatures vanquished

Notes
Turn   | Place    | Note
-------+----------+-------------------------------------------
     0 | D:1      | qw the Gargoyle Hunter began the quest for the Orb.
     0 | D:1      | Reached XP level 1. HP: 12/12 MP: 1/1
     0 | D:1      | 0 ||| qw: Version: 0.3-a-132-g3d54051
     0 | D:1      | 0 ||| qw: Game counter: 544
     0 | D:1      | 0 ||| qw: Melee chars always use a shield: true
     0 | D:1      | 0 ||| qw: God list: Okawaru
     0 | D:1      | 0 ||| qw: Allow faded altars: false
     0 | D:1      | 0 ||| qw: Do Orc after clearing Dungeon:15 true
     0 | D:1      | 0 ||| qw: Do second Lair branch before Depths: true
     0 | D:1      | 0 ||| qw: Lair rune preference: random
     0 | D:1      | 0 ||| qw: Goals: Normal
     0 | D:1      | 0 ||| PLANNING D:1-11
    65 | D:1      | Reached XP level 2. HP: 17/17 MP: 2/2
    66 | D:1      | Found Zuangopa's Antique Weapon Shop.
   133 | D:1      | Found Nyeppul's Assorted Antiques.
   147 | D:1      | 147 ||| SHOPLISTING pair of gloves (126 gold, have 10).
   147 | D:1      | 147 ||| SHOPLISTING red potion (25 gold, have 10).
   147 | D:1      | 147 ||| SHOPLISTING scroll labelled ACU DAN BIDE (28 gold,
                  | have 10).
   147 | D:1      | 147 ||| SHOPLISTING scroll labelled GISONT SIFI (28 gold,
                  | have 10).
   224 | D:1      | Reached XP level 3. HP: 18/21 MP: 3/3
   388 | D:1      | 388 ||| UPGRADING to +0 pair of gloves.
   393 | D:1      | 393 ||| READING 2 scrolls labelled SEP HICEBLASCHI.
   394 | D:1      | 394 ||| READING 3 scrolls labelled GISONT SIFI.
   394 | D:1      | 394 ||| IDENTIFYING lumpy clear potion
   395 | D:1      | 395 ||| READING 2 scrolls of identify.
   395 | D:1      | 395 ||| IDENTIFYING 3 scrolls labelled JUMATU MIUMNOM
   396 | D:1      | 396 ||| DROPPING scroll of butterflies.
   397 | D:1      | 397 ||| DROPPING scroll of noise.
   398 | D:1      | 398 ||| DROPPING 3 scrolls of amnesia.
   420 | D:2      | Reached skill level 5 in Ranged Weapons
   524 | D:2      | Reached skill level 3 in Fighting
   526 | D:2      | 526 ||| FLEEEEING.
   609 | D:2      | Reached XP level 4. HP: 28/28 MP: 4/4
   671 | D:2      | 671 ||| FLEEEEING.
   672 | D:2      | 672 ||| FLEEEEING.
   673 | D:2      | 673 ||| FLEEEEING.
   674 | D:2      | 674 ||| FLEEEEING.
   675 | D:2      | 675 ||| FLEEEEING.
   677 | D:2      | 677 ||| STAIRDANCE
   707 | D:1      | 707 ||| UPGRADING to +0 ring mail.
   717 | D:1      | 717 ||| DROPPING +0 leather armour.
   718 | D:1      | 718 ||| UPGRADING to +5 ring of evasion.
   719 | D:1      | 719 ||| READING scroll of identify.
   719 | D:1      | 719 ||| IDENTIFYING red potion
   720 | D:1      | 720 ||| READING scroll labelled AGREYR VIOGUPH.
   721 | D:1      | 721 ||| READING scroll labelled JAEQUADIW.
   721 | D:1      | 721 ||| ENCHANTING +0 pair of gloves.
   732 | D:2      | Found a faded altar of an unknown god.
   890 | D:2      | Reached skill level 1 in Armour
  1005 | D:2      | 1005 ||| DROPPING ring of magical power.
  1033 | D:3      | Noticed Grinder
  1045 | D:3      | HP: 6/28 [Grinder (5)]
  1049 | D:3      | HP: 2/28 [Grinder (3)]
  1053 | D:3      | 1053 ||| STAIRDANCE
  1162 | D:3      | 1162 ||| STAIRDANCE
  1164 | D:2      | 1164 ||| FLEEEEING.
  1204 | D:3      | 1204 ||| STAIRDANCE
  1206 | D:2      | 1206 ||| FLEEEEING.
  1242 | D:3      | Paralysed by Grinder for 2 turns
  1250 | D:3      | Paralysed by Grinder for 5 turns
  1263 | D:3      | 1263 ||| STAIRDANCE
  1265 | D:2      | 1265 ||| FLEEEEING.
  1355 | D:3      | 1355 ||| FLEEEEING.
  1356 | D:3      | 1356 ||| STAIRDANCE
  1386 | D:3      | Killed Grinder
  1387 | D:3      | Reached skill level 6 in Ranged Weapons
  1387 | D:3      | Reached XP level 5. HP: 30/32 MP: 5/5
  1387 | D:3      | Reached XP level 6. HP: 35/37 MP: 6/6
  1815 | D:3      | 1815 ||| FLEEEEING.
  1834 | D:3      | 1834 ||| READING scroll labelled HUSADD ZAMN.
  1839 | D:3      | 1839 ||| DRINKING 2 glowing cyan potions.
  1844 | D:3      | 1844 ||| DROPPING potion of ambrosia.
  1942 | D:4      | Reached skill level 7 in Ranged Weapons
  1995 | D:4      | Found a staircase to the Ecumenical Temple.
  1996 | D:4      | 1996 ||| PLANNING TEMPLE
  1996 | D:4      | 1996 ||| READING scroll labelled TUIKHI DIKEAMA.
  1996 | D:4      | 1996 ||| BRANDING +0 shortbow.
  2003 | Temple   | Entered the Ecumenical Temple
  2004 | Temple   | 2004 ||| PLANNING D:1-11
  2138 | D:4      | Reached XP level 7. HP: 43/43 MP: 7/7
  2273 | D:4      | 2273 ||| FLEEEEING.
  2813 | D:4      | 2813 ||| DROPPING ring of flight.
  2834 | D:5      | Entered Level 5 of the Dungeon
  2858 | D:5      | Reached skill level 8 in Ranged Weapons
  2963 | D:5      | Noticed Eustachio
  2967 | D:5      | 2967 ||| RETREEEEATING.
  2968 | D:5      | 2968 ||| RETREEEEATING.
  2973 | D:5      | 2973 ||| RETREEEEATING.
  3006 | D:5      | 3006 ||| RETREEEEATING.
  3007 | D:5      | 3007 ||| RETREEEEATING.
  3016 | D:5      | Killed Eustachio
  3017 | D:5      | Reached skill level 3 in Armour
  3017 | D:5      | Reached XP level 8. HP: 30/49 MP: 8/8
  3017 | D:5      | 3017 ||| FLEEEEING.
  3120 | D:5      | 3120 ||| RETREEEEATING.
  3138 | D:5      | 3138 ||| FLEEEEING.
  3177 | D:5      | Found a hazy altar of Hepliaklqana.
  3330 | D:5      | Found Oguih's Magic Scroll Shop.
  3336 | D:5      | 3336 ||| BUYING scroll of identify (24 gold).
  3336 | D:5      | Bought a scroll of identify for 24 gold pieces
  3336 | D:5      | 3336 ||| BUYING scroll of identify (24 gold).
  3336 | D:5      | Bought a scroll of identify for 24 gold pieces
  3336 | D:5      | 3336 ||| BUYING scroll of identify (24 gold).
  3336 | D:5      | Bought a scroll of identify for 24 gold pieces
  3370 | D:5      | Reached skill level 9 in Ranged Weapons
  3462 | D:5      | Reached skill level 6 in Fighting
  3553 | D:5      | 3553 ||| FLEEEEING.
  3714 | D:5      | Noticed Sigmund
  3719 | D:5      | 3719 ||| DRINKING grey potion.
  3720 | D:5      | 3720 ||| DRINKING bubbling brown potion.
  3721 | D:5      | 3721 ||| DRINKING dark potion.
  3727 | D:5      | Killed Sigmund
  3728 | D:5      | Reached XP level 9. HP: 55/55 MP: 9/9
  3764 | D:5      | 3764 ||| UPGRADING to +0 pair of boots.
  3769 | D:5      | 3769 ||| READING 3 scrolls of identify.
  3769 | D:5      | 3769 ||| IDENTIFYING scroll labelled KIAMOSHRYLO
  3770 | D:5      | 3770 ||| DROPPING scroll of vulnerability.
  3802 | D:6      | Found a stormy altar of Qazlal.
  3872 | D:6      | Reached skill level 10 in Ranged Weapons
  3912 | D:6      | Found Idudan's Antique Weapon Shop.
  3922 | D:6      | 3922 ||| BUYING glowing shortbow (132 gold).
  3922 | D:6      | Bought a glowing shortbow for 132 gold pieces
  3922 | D:6      | 3922 ||| SWAPPING to +6 heavy shortbow.
  3923 | D:6      | 3923 ||| DROPPING +0 heavy shortbow.
  4356 | D:6      | Found a burning altar of Makhleb.
  4356 | D:6      | Found a shimmering altar of Xom.
  4361 | D:6      | 4361 ||| FLEEEEING.
  4476 | D:6      | 4476 ||| UPGRADING to +2 leather armour of fire resistance.
  4486 | D:6      | 4486 ||| DROPPING +0 ring mail.
  4487 | D:6      | 4487 ||| READING 3 scrolls of identify.
  4487 | D:6      | 4487 ||| IDENTIFYING scroll labelled YCWYEGGUAGH
  4488 | D:6      | 4488 ||| READING 2 scrolls of identify.
  4488 | D:6      | 4488 ||| IDENTIFYING scroll labelled CUILUBL LOFUGY
  4489 | D:6      | 4489 ||| READING scroll of identify.
  4489 | D:6      | 4489 ||| IDENTIFYING scroll labelled ROORUBU ILOKK
  4490 | D:6      | 4490 ||| READING scroll of enchant weapon.
  4490 | D:6      | 4490 ||| ENCHANTING +6 heavy shortbow.
  4491 | D:6      | 4491 ||| DROPPING scroll of poison.
  4492 | D:6      | 4492 ||| DROPPING scroll of fog.
  4571 | D:7      | 4571 ||| RETREEEEATING.
  4581 | D:7      | 4581 ||| FLEEEEING.
  4582 | D:7      | 4582 ||| FLEEEEING.
  4583 | D:7      | 4583 ||| FLEEEEING.
  4585 | D:7      | 4585 ||| FLEEEEING.
  4586 | D:7      | 4586 ||| FLEEEEING.
  4587 | D:7      | 4587 ||| FLEEEEING.
  4588 | D:7      | 4588 ||| FLEEEEING.
  4591 | D:7      | Reached skill level 3 in Dodging
  4672 | D:7      | Reached skill level 11 in Ranged Weapons
  4677 | D:7      | Identified the +2 pair of boots of Untruth {*Slow rPois rF-
                  | MP+9}
  4941 | D:7      | Found a blossoming altar of Fedhas.
  4941 | D:7      | Found a sparkling altar of Nemelex Xobeh.
  4941 | D:7      | Found a radiant altar of Vehumet.
  5258 | D:7      | Found an ornate altar of the Wu Jian Council.
  5580 | D:7      | 5580 ||| DROPPING +2 pair of boots of Untruth {*Slow rPois
                  | rF- MP+9}.
  5581 | D:7      | 5581 ||| READING scroll labelled QISATR UHEBRIX.
  5582 | D:7      | 5582 ||| FLEEEEING.
  5806 | D:8      | Reached XP level 10. HP: 64/64 MP: 10/10
  5999 | D:8      | 5999 ||| FLEEEEING.
  6089 | D:8      | Reached skill level 12 in Ranged Weapons
  6114 | D:8      | Found a glowing golden altar of the Shining One.
  6142 | D:8      | 6142 ||| FLEEEEING.
  6466 | D:8      | 6466 ||| READING scroll of identify.
  6466 | D:8      | 6466 ||| IDENTIFYING lumpy silvery potion
  6467 | D:8      | 6467 ||| READING scroll labelled ZIYNGARETH.
  6539 | D:9      | 6539 ||| FLEEEEING.
  6540 | D:9      | 6540 ||| FLEEEEING.
  6541 | D:9      | 6541 ||| FLEEEEING.
  6550 | D:9      | 6550 ||| STAIRDANCE
  6623 | D:9      | 6623 ||| FLEEEEING.
  6860 | D:9      | 6860 ||| FLEEEEING.
  6962 | D:9      | 6962 ||| READING scroll of enchant weapon.
  6962 | D:9      | 6962 ||| ENCHANTING +7 heavy shortbow.
  7011 | D:9      | Reached skill level 13 in Ranged Weapons
  7016 | D:9      | 7016 ||| FLEEEEING.
  7525 | D:9      | Found a staircase to the Lair.
  7526 | D:9      | 7526 ||| SWAPPING to +0 longbow.
  7535 | D:9      | Reached skill level 9 in Fighting
  7535 | D:9      | 7535 ||| FLEEEEING.
  7689 | D:9      | 7689 ||| DROPPING +8 heavy shortbow.
  7700 | D:9      | Identified the +7 flail "Plog" {spect, rC+ Str+3}
  7729 | D:9      | 7729 ||| UPGRADING to +6 ring of strength.
  7730 | D:9      | 7730 ||| UPGRADING to ring of protection from fire.
  7732 | D:9      | 7732 ||| READING 2 scrolls of identify.
  7732 | D:9      | 7732 ||| IDENTIFYING bubbling coppery potion
  7733 | D:9      | 7733 ||| READING scroll of identify.
  7733 | D:9      | 7733 ||| IDENTIFYING 2 golden potions
  7734 | D:9      | 7734 ||| DROPPING 2 potions of lignification.
  7767 | D:10     | Entered Level 10 of the Dungeon
  7850 | D:10     | Found a staircase to the Orcish Mines.
  7859 | D:10     | 7859 ||| FLEEEEING.
  7860 | D:10     | 7860 ||| STAIRDANCE
  8047 | D:10     | Found an iron altar of Okawaru.
  8048 | D:10     | 8048 ||| PLANNING OKAWARU WORSHIP
  8053 | D:10     | Became a worshipper of Warmaster Okawaru
  8054 | D:10     | 8054 ||| PLANNING D:1-11
  8067 | D:10     | 8067 ||| FLEEEEING.
  8074 | D:10     | Reached XP level 11. HP: 64/71 MP: 11/11
  8102 | D:10     | Noticed Maurice
  8110 | D:10     | Killed Maurice
  8114 | D:10     | Noticed a two-headed ogre
  8120 | D:10     | Killed a two-headed ogre
  8121 | D:10     | Reached skill level 14 in Ranged Weapons
  8201 | D:10     | Found a shimmering blue altar of Sif Muna.
  8209 | D:10     | 8209 ||| Stepping randomly (disturbance).
  8210 | D:10     | 8210 ||| UPGRADING to +2 cloak of stealth.
  8223 | D:10     | 8223 ||| FLEEEEING.
  8236 | D:10     | 8236 ||| FLEEEEING.
  8240 | D:10     | 8240 ||| STAIRDANCE
  8322 | D:10     | 8322 ||| FLEEEEING.
  8328 | D:10     | 8328 ||| STAIRDANCE
  8378 | D:10     | 8378 ||| FLEEEEING.
  8386 | D:10     | 8386 ||| STAIRDANCE
  8431 | D:10     | 8431 ||| Stepping randomly (disturbance).
  8432 | D:10     | 8432 ||| Stepping randomly (disturbance).
  8433 | D:10     | 8433 ||| Stepping randomly (disturbance).
  8434 | D:10     | 8434 ||| Stepping randomly (disturbance).
  8435 | D:10     | 8435 ||| Stepping randomly (disturbance).
  8453 | D:10     | Reached * piety under Okawaru
  8454 | D:10     | 8454 ||| FLEEEEING.
  8457 | D:10     | Reached skill level 1 in Invocations
  8791 | D:10     | 8791 ||| FLEEEEING.
  8793 | D:10     | 8793 ||| FLEEEEING.
  8974 | D:10     | 8974 ||| PLANNING LAIR
  9028 | Lair:1   | Entered Level 1 of the Lair of Beasts
  9028 | Lair:1   | Noticed an eight-headed hydra
  9028 | Lair:1   | Noticed qw's ghost (journeyman GrHu)
  9029 | Lair:1   | Noticed a minotaur
  9170 | Lair:1   | Noticed Urug
  9171 | Lair:1   | 9171 ||| INVOKING Heroism.
  9183 | Lair:1   | Killed Urug
  9184 | Lair:1   | Reached skill level 3 in Invocations
  9284 | Lair:1   | Reached ** piety under Okawaru
  9299 | Lair:1   | 9299 ||| FLEEEEING.
  9355 | Lair:1   | 9355 ||| RETREEEEATING.
  9358 | Lair:1   | 9358 ||| RETREEEEATING.
  9359 | Lair:1   | 9359 ||| RETREEEEATING.
  9360 | Lair:1   | 9360 ||| RETREEEEATING.
  9361 | Lair:1   | 9361 ||| RETREEEEATING.
  9362 | Lair:1   | 9362 ||| RETREEEEATING.
  9363 | Lair:1   | 9363 ||| RETREEEEATING.
  9364 | Lair:1   | 9364 ||| RETREEEEATING.
  9452 | Lair:1   | Reached *** piety under Okawaru
  9453 | Lair:1   | 9453 ||| FLEEEEING.
  9746 | Lair:1   | Noticed a four-headed hydra
  9747 | Lair:1   | 9747 ||| INVOKING Heroism.
  9763 | Lair:1   | Killed a four-headed hydra
  9764 | Lair:1   | Reached skill level 15 in Ranged Weapons
  9851 | Lair:1   | Found a runed translucent gate.
  9852 | Lair:1   | Found a runed translucent gate.
  9858 | Lair:1   | Found a runed translucent gate.
  9890 | Lair:1   | 9890 ||| RETREEEEATING.
  9893 | Lair:1   | 9893 ||| INVOKING Heroism.
  9896 | Lair:1   | Reached XP level 12. HP: 77/77 MP: 12/15
 10166 | Lair:1   | 10166 ||| DROPPING +1 robe of willpower.
 10167 | Lair:1   | 10167 ||| READING scroll of identify.
 10167 | Lair:1   | 10167 ||| IDENTIFYING fizzy red potion
 10168 | Lair:1   | 10168 ||| DROPPING potion of attraction.
 10176 | Lair:2   | Found a burning altar of Makhleb.
 10189 | Lair:2   | Found a runed translucent gate.
 10190 | Lair:2   | You fall into a shaft and drop 2 floors!
 10191 | Lair:4   | 10191 ||| PLANNING GAUNTLET
 10192 | Lair:4   | 10192 ||| RETREEEEATING.
 10193 | Lair:4   | 10193 ||| RETREEEEATING.
 10195 | Lair:4   | 10195 ||| RETREEEEATING.
 10196 | Lair:4   | 10196 ||| RETREEEEATING.
 10200 | Lair:4   | 10200 ||| INVOKING Heroism.
 10227 | Lair:4   | Reached **** piety under Okawaru
 10472 | Lair:4   | Found a gate leading to a gauntlet.
 10477 | Lair:4   | Noticed Nessos
 10478 | Lair:4   | 10478 ||| INVOKING Finesse.
 10491 | Lair:4   | Killed Nessos
 10492 | Lair:4   | Reached skill level 16 in Ranged Weapons
 10520 | Lair:4   | 10520 ||| FLEEEEING.
 10524 | Lair:4   | 10524 ||| STAIRDANCE
 10575 | Gauntlet | Entered a Gauntlet
 10575 | Gauntlet | Found a transporter.
 10575 | Gauntlet | Found a transporter.
 10575 | Gauntlet | Found a transporter.
 10579 | Gauntlet | Found a transporter.
 10579 | Gauntlet | Found a transporter.
 10584 | Gauntlet | Found the +1 cloak of Starlight {*Dazzle EV+4 Stlth--}
 10591 | Gauntlet | Found a transporter.
 10591 | Gauntlet | Noticed a dire elephant
 10656 | Gauntlet | Found a transporter.
 10672 | Gauntlet | Found a transporter.
 10682 | Gauntlet | Found a transporter.
 10694 | Gauntlet | Found a transporter.
 10707 | Gauntlet | Found a transporter.
 10710 | Gauntlet | Found a transporter.
 10878 | Gauntlet | HP: 10/77 [ice devil (19)]
 10879 | Gauntlet | 10879 ||| DRINKING potion of heal wounds.
 11016 | Gauntlet | Identified the +0 cloak "Soapp" {Slay+3}
 11018 | Gauntlet | 11018 ||| UPGRADING to +0 cloak "Soapp" {Slay+3}.
 11028 | Gauntlet | 11028 ||| DROPPING +2 cloak of stealth.
 11034 | Gauntlet | 11034 ||| INVOKING Finesse.
 11266 | Gauntlet | 11266 ||| UPGRADING to +2 helmet of see invisible.
 11316 | Gauntlet | Noticed a minotaur
 11317 | Gauntlet | 11317 ||| INVOKING Finesse.
 11329 | Gauntlet | HP: 15/79 [minotaur/silver javelin (7)]
 11331 | Gauntlet | Hit by a silver javelin thrown by a minotaur

Levels and vault maps discovered:
D:1:      wander_arrival_estate, layout_rooms, serial_shops,
          nicolae_shop_behind_doors, nicolae_diamond_shop
D:2:      layout_rooms, dreamdust_ecumenical_altar_statues,
          minmay_misc_feat_nine_boxes, skrybe_limestone_x,
          kennysheep_generic_room_13
D:3:      minmay_wonky_spiral, layout_rooms, uniq_grinder
D:4:      layout_basic, minmay_temple_entry_arrows
D:5:      layout_loops_ring, nicolae_hepliaklqana_monster_ancestors,
          serial_shops, nicolae_shop_tiny_real_fake_doors, uniq_sigmund,
          uniq_eustachio
D:6:      layout_loops_ring, mainiacjoe_overflow_brackets,
          grunt_temple_overflow_champion_of_chaos, serial_shops, shop
D:7:      minmay_octagon_keep, layout_basic, kennysheep_little_box,
          gammafunk_temple_overflow_claw
D:8:      layout_gridville, tso_metal_star
D:9:      layout_long_grid, grunt_lair_entry_orc_guard_hut
D:10:     layout_loops_ring, mainiacjoe_overflow_tiny_flanked,
          okawaru_gym_becter, orc_0_dummy, minmay_unpleasant_kobolds,
          uniq_maurice
Temple:   minmay_temple_curvy_loop
Lair:1:   layout_chaotic_city, maelrawn_ghost_gauntlet_escape,
          beast_lair_carwin_2, serial_bayou_shore_a, uniq_urug
Lair:2:   nzn_winding_woodlands_small [nzn_winding_woodlands_5x15_parted,
          nzn_winding_woodlands_center_diamonds,
          nzn_winding_woodlands_5x15_pathside_ponds], layout_chaotic_city,
          spider_nest_entry_a, ebering_ghost_rock_garden, basic_altar,
          uniq_nergalle
Lair:3:   layout_regular_city, shoals_dummy_entry
Lair:4:   layout_cave_pods, slime_entry_1, gauntlet_entry_generic,
          dreamdust_gnoll_shepherd, uniq_nessos
Gauntlet: gammafunk_gauntlet_shortcut [gammafunk_gauntlet_arena_split_diamond,
          nicolae_gauntlet_arena_blocks, nicolae_gauntlet_arena_t_cross,
          gammafunk_gauntlet_arena_split_x, gammafunk_gauntlet_arena_teeth,
          gammafunk_gauntlet_arena_spirals, gauntlet_exit_hidden_loot]

Skill      XL: |  1  2  3  4  5  6  7  8  9 10 11 12 |
---------------+-------------------------------------+-----
Ranged Weapons | 5 6 7 8 9 11 13 15 16 | 16.0
Fighting       | 3 4 5 6 8 9 10 | 10.6
Armour         | 1 3 4 |  4.4
Dodging        | 2 3 4 5 |  5.0
Invocations    | 4 5 |  5.6
Stealth        | |  1.1

Action                     |  1- 3 |  4- 6 |  7- 9 | 10-12 || total
---------------------------+-------+-------+-------+-------++-------
  Melee: Shortbow          |       |       |       |     3 ||     3
   Fire: Shortbow          |   104 |   201 |   334 |   135 ||   774
         Longbow           |       |       |       |   487 ||   487
 Invoke: Heroism           |       |       |       |     4 ||     4
         Finesse           |       |       |       |     3 ||     3
    Use: Scroll            |     3 |     5 |     6 |     6 ||    20
         Potion            |       |     1 |     3 |     1 ||     5
 Armour: Leather armour    |    46 |     3 |    19 |   270 ||   338
         Ring mail         |       |    38 |    96 |       ||   134
  Dodge: Dodged            |    45 |    68 |   200 |   338 ||   651

Table legend:
 A = Non-vault XP
 B = Vault XP
 C = Vault XP percentage of total XP
 D = Non-vault monster count
 E = Vault monster count
 F = Vault count percentage of total count
                 A         B        C        D         E       F
            +---------+---------+-------+---------+---------+-------
      Total |   17570 |    8493 |  32.6 |     237 |      59 |  19.9
            +---------+---------+-------+---------+---------+-------
        D:1 |      38 |       0 |   0.0 |      21 |       0 |   0.0
        D:2 |      75 |       1 |   1.3 |      23 |       1 |   4.2
        D:3 |      25 |     286 |  92.0 |      11 |       5 |  31.2
        D:4 |     419 |       0 |   0.0 |      24 |       0 |   0.0
        D:5 |    1098 |     443 |  28.7 |      22 |       4 |  15.4
        D:6 |     440 |      48 |   9.8 |      16 |       1 |   5.9
        D:7 |     750 |     917 |  55.0 |      17 |      14 |  45.2
        D:8 |    1003 |       0 |   0.0 |      17 |       0 |   0.0
        D:9 |    1726 |    1134 |  39.7 |      28 |       6 |  17.6
       D:10 |    2810 |     589 |  17.3 |      22 |       7 |  24.1
     Lair:1 |    6231 |    1310 |  17.4 |      24 |       5 |  17.2
     Lair:2 |     403 |       0 |   0.0 |       1 |       0 |   0.0
     Lair:4 |    2552 |    1023 |  28.6 |      11 |       1 |   8.3
   Gauntlet |       0 |    2742 | 100.0 |       0 |      15 | 100.0
            +---------+---------+-------+---------+---------+-------
